 Dungeon Sprint DCSS version 0.17-a0-1450-g7e755d1 (webtiles) character file.

12138 pulse the Severer (level 12, -4/113 HPs)
             Began as a Formicid Berserker on June 30, 2015.
             Was the Champion of Trog.
             Slain by an orc knight
             ... wielding a +0 great sword
              (9 damage)
             ... in the Dungeon (Sprint IX: "|||||||||||||||||||||||||||||").
             The game lasted 00:08:03 (2853 turns).

pulse the Severer (Formicid Berserker)              Turns: 2853, Time: 00:08:03

Health: -4/113     AC: 15    Str: 30    XL:     12   Next: 16%
Magic:  16/16      EV: 11    Int: 11    God:    Trog [******]
Gold:   600        SH:  0    Dex: 14    Spells: 0 memorised, 11 levels left

rFire  . . .     SeeInvis +     v - +10 war axe "Pooduqy" {flame, rN++}
rCold  . . .     Clarity  .     m - +1 scale mail
rNeg   + + .     SustAt   .     (no shield)
rPois  .         Gourm    .     (helmet unavailable)
rElec  .         Spirit   .     n - +2 cloak
rCorr  .         Warding  .     e - +0 pair of gloves
rMut   .         Stasis   +     (no boots)
MR     +++..                    (no amulet)
Stlth  +.........               o - +3 ring of intelligence
                                p - +3 ring of dexterity

@: mighty, very slightly contaminated, regenerating, invisible, extremely
resistant to hostile enchantments, very unstealthy
A: permanent stasis, dig shafts and tunnels, four strong arms, antennae 3
a: Dig, Burn Spellbooks, Trog's Hand, Brothers in Arms, Renounce Religion


You were in the Dungeon.
You worshipped Trog.
Trog was exalted by your worship.
You were not hungry.

You visited 1 branch You collected 600 gold pieces.

Inventory:

Hand weapons
 v - the +10 war axe "Pooduqy" (weapon) {flame, rN++}
   (Trog gifted it to you in the Dungeon)

   It has been specially enchanted to burn those struck by it, causing extra
   injury to most foes and up to half again as much damage against particularly
   susceptible opponents.
   Big, fiery blades are also staple armaments of hydra-hunters.
   It greatly protects you from negative energy.
 x - a +2 antimagic executioner's axe
 y - a +4 antimagic war axe
Armour
 e - a +0 pair of gloves (worn)
 m - a +1 scale mail (worn)
 n - a +2 cloak (worn)
Jewellery
 o - a +3 ring of intelligence (right hand)
 p - a +3 ring of dexterity (left hand)
 s - an uncursed ring of fire
Magical devices
 l - a wand of fire (4)
Scrolls
 i - 2 scrolls of blinking
 k - 6 scrolls of remove curse
 t - 2 scrolls of enchant armour
Potions
 a - a potion of resistance
 f - a potion of haste
 g - 4 potions of magic
 h - a potion of berserk rage
 r - 3 potions of brilliance
Comestibles
 c - 12 meat rations
 u - 40 fruits
 w - 12 bread rations


   Skills:
 + Level 16.5 Fighting
 * Level 19.9 Axes
 + Level 12.0 Armour
 - Level 2.2 Dodging
 - Level 2.2 Stealth
 + Level 6.0 Evocations


You had 11 spell levels left.
You didn't know any spells.

Dungeon Overview and Level Annotations

Branches:
Dungeon (1/1)

Altars:
Cheibriados
Dithmenos
Elyvilon
Fedhas
Gozag
Kikubaaqudgha
Makhleb
Nemelex Xobeh
Okawaru
Qazlal
Ru
Sif Muna
Trog
Vehumet
Xom
Yredelemnul
Zin
The Shining One
Beogh
Jiyva
Lugonu


Innate Abilities, Weirdness & Mutations

You are under a permanent stasis effect.
You can dig through walls and to a lower floor.
Your four strong arms can wield two-handed weapons with a shield.
You have a pair of large antennae on your head (SInv).


Message History

Okay, then.
Use which ability? (? or * to list)
Your stone giant goes berserk!
You feel somewhat more hungry.
The rust devil disappears in a puff of smoke!
The orc high priest hits you from afar with a trident.
* * * LOW HITPOINT WARNING * * *
The blue devil closely misses you.
The orc knight hits you with a great sword!
* * * LOW HITPOINT WARNING * * *
Unknown command.
You catch the helpless blue devil completely off-guard!
You slice the blue devil like a ripe choko!!!
You burn the blue devil!
You kill the blue devil!
You barely miss the orc knight.
The orc knight is severely wounded.
The orc high priest hits you but does no damage.
The orc knight hits you with a great sword!
You die...

▓▓▓▓▓▓▓▓▓▓▓▓▓▓▓▓▓▓▓▓▓▓▓▓▓▓▓▓ {{
{{oo..ooooooo@.C.)[)))))))'...
▓▓▓▓▓▓▓▓▓▓▓▓▓▓▓▓▓▓▓▓▓▓▓▓▓▓▓▓▓▓▓▓▓
......)...............)..........
▓▓▓▓▓▓▓▓▓▓▓▓▓▓▓▓▓▓▓▓▓▓▓▓▓▓▓▓▓▓▓▓▓
.'.........')....)...')....?.....
▓▓▓▓▓▓▓▓▓▓▓▓▓▓▓▓▓▓▓▓▓▓▓▓▓▓▓▓▓▓▓▓▓
.................................
▓▓▓▓▓▓▓▓▓▓▓▓▓▓▓▓▓▓▓▓▓▓▓▓▓▓▓▓▓▓▓▓▓
|?.'_____________________'...).'.


You could see an orc knight, an orc high priest, 4 orc warriors, an orc
(frenzied) and a friendly stone giant (berserk).

Vanquished Creatures
  Erolcha (D)
  Erica (D)
  2 catoblepae (D)
  A centaur warrior (D)
  4 death yaks (D)
  A hill giant (D)
  3 orc knights (D)
  An orc sorcerer (D)
  2 black mambas (D)
  Psyche (D)
  A torpor snail (D)
  A komodo dragon (D)
  A polar bear (D)
  A troll (D)
  A blink frog (D)
  A basilisk (D)
  2 yaks (D)
  2 hippogriffs (D)
  A mottled dragon (D)
  A water moccasin (D)
  3 orc warriors (D)
  A centaur (D)
  A porcupine (D)
  2 crocodiles (D)
  3 giant frogs (D)
  A scorpion (D)
  A wight (D)
  5 orc priests (D)
  3 orc wizards (D)
  A hound (D)
  An iguana (D)
  2 worker ants (D)
  A sheep (D)
  An adder zombie (D)
  5 orcs (D)
  2 ball python skeletons (D)
  2 giant newts (D)
  2 goblins (D)
  A kobold (D)
  2 rats (D)
69 creatures vanquished.

Notes
Turn   | Place    | Note
--------------------------------------------------------------
     0 | D        | pulse the Formicid Berserker began the quest for the Orb.
     0 | D        | Reached XP level 1. HP: 18/18 MP: 1/1
    12 | D        | Acquired Trog's second power
   128 | D        | Reached skill level 4 in Fighting
   133 | D        | Reached XP level 2. HP: 22/25 MP: 2/2
   325 | D        | Found a glowing silver altar of Zin.
   325 | D        | Found a glowing golden altar of the Shining One.
   325 | D        | Found an ancient bone altar of Kikubaaqudgha.
   325 | D        | Found a basalt altar of Yredelemnul.
   325 | D        | Found a shimmering altar of Xom.
   325 | D        | Found a radiant altar of Vehumet.
   326 | D        | Found an iron altar of Okawaru.
   327 | D        | Found a burning altar of Makhleb.
   328 | D        | Found a deep blue altar of Sif Muna.
   329 | D        | Found a bloodstained altar of Trog.
   330 | D        | Found a sparkling altar of Nemelex Xobeh.
   331 | D        | Found a white marble altar of Elyvilon.
   332 | D        | Found a roughly hewn altar of Beogh.
   333 | D        | Found a viscous altar of Jiyva.
   334 | D        | Found a corrupted altar of Lugonu.
   335 | D        | Found a blossoming altar of Fedhas.
   336 | D        | Found a snail-covered altar of Cheibriados.
   337 | D        | Found a shadowy altar of Dithmenos.
   338 | D        | Found a stormy altar of Qazlal.
   339 | D        | Found an opulent altar of Gozag.
   340 | D        | Found a sacrificial altar of Ru.
   399 | D        | Noticed a hill giant
   399 | D        | Noticed a scorpion
   399 | D        | Noticed an orc wizard
   399 | D        | Noticed a wight
   399 | D        | Noticed a hound
   399 | D        | Noticed a worker ant
   400 | D        | Killed a hound
   400 | D        | Reached skill level 5 in Fighting
   400 | D        | Reached skill level 5 in Axes
   400 | D        | Reached skill level 1 in Stealth
   400 | D        | Reached XP level 3. HP: 31/33 MP: 3/3
   400 | D        | Killed a wight
   400 | D        | Reached skill level 6 in Axes
   400 | D        | Reached XP level 4. HP: 36/40 MP: 4/4
   401 | D        | Killed a worker ant
   401 | D        | Acquired Trog's third power
   401 | D        | Reached skill level 7 in Axes
   406 | D        | Killed an orc wizard
   406 | D        | Reached XP level 5. HP: 38/47 MP: 5/5
   420 | D        | Killed a hill giant
   420 | D        | Reached skill level 10 in Fighting
   420 | D        | Reached skill level 11 in Axes
   420 | D        | Reached skill level 5 in Armour
   420 | D        | Reached XP level 6. HP: 21/61 MP: 6/6
   420 | D        | Reached XP level 7. HP: 23/67 MP: 7/7
   423 | D        | Killed a scorpion
   423 | D        | Reached skill level 12 in Axes
   696 | D        | Noticed a centaur warrior
   696 | D        | Noticed a centaur
   696 | D        | Noticed a mottled dragon
   696 | D        | Noticed a troll
   696 | D        | Noticed a worker ant
   698 | D        | Killed a troll
   698 | D        | Reached XP level 8. HP: 73/75 MP: 8/8
   702 | D        | Killed a worker ant
   703 | D        | Killed a mottled dragon
   708 | D        | Killed a centaur warrior
   708 | D        | Reached skill level 14 in Axes
   708 | D        | Reached skill level 1 in Evocations
   708 | D        | Reached XP level 9. HP: 49/84 MP: 9/9
   711 | D        | Killed a centaur
  1031 | D        | Noticed a water moccasin
  1031 | D        | Noticed a black mamba
  1031 | D        | Noticed a giant frog
  1031 | D        | Noticed a crocodile
  1031 | D        | Noticed a hippogriff
  1031 | D        | Noticed a porcupine
  1033 | D        | Killed a porcupine
  1035 | D        | Noticed a polar bear
  1036 | D        | Noticed a giant frog
  1036 | D        | Killed a hippogriff
  1037 | D        | Killed a crocodile
  1039 | D        | Killed a giant frog
  1039 | D        | Received a gift from Trog
  1044 | D        | Noticed a basilisk
  1047 | D        | Killed a black mamba
  1047 | D        | Reached skill level 15 in Axes
  1051 | D        | Killed a water moccasin
  1056 | D        | Killed a polar bear
  1056 | D        | Reached XP level 10. HP: 42/93 MP: 11/11
  1059 | D        | Killed a giant frog
  1064 | D        | Killed a basilisk
  1369 | D        | Noticed a komodo dragon
  1369 | D        | Noticed a torpor snail
  1369 | D        | Noticed a hippogriff
  1369 | D        | Noticed a blink frog
  1369 | D        | Noticed an iguana
  1369 | D        | Noticed a crocodile
  1375 | D        | Killed a crocodile
  1375 | D        | Received a gift from Trog
  1376 | D        | Noticed a giant frog
  1377 | D        | Killed an iguana
  1378 | D        | Noticed a black mamba
  1378 | D        | Killed a hippogriff
  1384 | D        | Killed a torpor snail
  1384 | D        | Reached skill level 16 in Axes
  1387 | D        | Killed a komodo dragon
  1394 | D        | Killed a giant frog
  1398 | D        | Killed a black mamba
  1404 | D        | Received a gift from Trog
  1409 | D        | Killed a blink frog
  1414 | D        | Got a warped war axe {god gift}
  1415 | D        | Identified the +10 war axe "Pooduqy" {flame, rN++} (Trog gifted it to you in the Dungeon)
  1623 | D        | Noticed a catoblepas
  1623 | D        | Noticed a death yak
  1623 | D        | Noticed a death yak
  1623 | D        | Noticed a death yak
  1623 | D        | Noticed a catoblepas
  1623 | D        | Noticed a death yak
  1651 | D        | Noticed a yak
  1659 | D        | Killed a death yak
  1659 | D        | Reached skill level 17 in Axes
  1660 | D        | Noticed a yak
  1662 | D        | Killed a catoblepas
  1662 | D        | Reached skill level 10 in Armour
  1662 | D        | Reached XP level 11. HP: 42/101 MP: 13/13
  1665 | D        | Killed a death yak
  1665 | D        | Reached skill level 15 in Fighting
  1696 | D        | Killed a death yak
  1699 | D        | Killed a death yak
  1699 | D        | Received a gift from Trog
  1699 | D        | Reached skill level 18 in Axes
  1704 | D        | Killed a catoblepas
  1704 | D        | Reached skill level 5 in Evocations
  1868 | D        | Killed a yak
  1872 | D        | Killed a yak
  2323 | D        | Noticed Erolcha
  2332 | D        | Killed Erolcha
  2342 | D        | Noticed Psyche
  2348 | D        | Killed Psyche
  2348 | D        | Received a gift from Trog
  2411 | D        | Noticed Erica
  2417 | D        | Killed Erica
  2417 | D        | Reached skill level 19 in Axes
  2584 | D        | Noticed an orc priest
  2584 | D        | Noticed an orc sorcerer
  2584 | D        | Noticed an orc wizard
  2584 | D        | Noticed an orc priest
  2584 | D        | Noticed an orc priest
  2589 | D        | Killed an orc priest
  2590 | D        | Noticed an orc priest
  2593 | D        | Killed an orc sorcerer
  2594 | D        | Noticed an orc warrior
  2596 | D        | Killed an orc priest
  2597 | D        | Killed an orc wizard
  2597 | D        | Received a gift from Trog
  2600 | D        | Killed an orc priest
  2601 | D        | Noticed an orc wizard
  2603 | D        | Noticed an orc warrior
  2606 | D        | Killed an orc wizard
  2612 | D        | Killed an orc warrior
  2615 | D        | Killed an orc warrior
  2617 | D        | Killed an orc priest
  2619 | D        | Received a gift from Trog
  2803 | D        | Noticed an orc knight
  2803 | D        | Noticed an orc knight
  2803 | D        | Noticed an orc knight
  2803 | D        | Noticed an orc knight
  2803 | D        | Noticed an orc warrior
  2803 | D        | Noticed an orc priest
  2805 | D        | Killed an orc priest
  2806 | D        | Noticed an orc high priest
  2811 | D        | Killed an orc knight
  2811 | D        | Reached XP level 12. HP: 80/112 MP: 16/16
  2813 | D        | Noticed an orc warrior
  2813 | D        | Killed an orc warrior
  2814 | D        | Noticed a soul eater
  2820 | D        | Killed an orc knight
  2827 | D        | Killed an orc knight
  2828 | D        | Noticed an orc warrior
  2833 | D        | Noticed an orc warrior
  2836 | D        | Killed a soul eater
  2837 | D        | Noticed an orc warrior
  2852 | D        | HP: 4/113 [orc knight/great sword (9)]
  2853 | D        | Slain by an orc knight

Vault maps used:
D:        linesprint

Action                   |  1- 3 |  4- 6 |  7- 9 | 10-12 || total
-------------------------+-------+-------+-------+-------++-------
Melee: Hand axe          |    27 |       |       |       ||    27
       War axe           |       |    17 |    38 |   139 ||   194
       Executioner's axe |       |       |       |     3 ||     3
Invok: Trog's Hand       |       |       |       |     3 ||     3
       Brothers in Arms  |       |       |       |     1 ||     1
Evoke: Wand              |       |     1 |     3 |     9 ||    13
  Use: Potion            |       |     2 |     1 |    10 ||    13
       Scroll            |       |       |     2 |     1 ||     3
 Stab: Sleeping          |     1 |       |       |       ||     1
       Petrified         |       |       |       |     1 ||     1
       Invisible         |       |       |       |     6 ||     6
  Eat: Bread ration      |       |       |       |     1 ||     1
       Chunk             |       |       |       |     1 ||     1
       Meat ration       |       |       |       |     1 ||     1
